 Dungeon Sprint DCSS version 0.31.0-32-g396128a36d (webtiles) character file.

Game seed: 509332421768353476

10635 Groucho the Geomancer (level 11, -3/55 HPs)
             Began as a Spriggan Earth Elementalist on Mar 24, 2024.
             Was a High Priest of Sif Muna.
             Slain by a boulder beetle (20 damage)
             ... in the Dungeon (Sprint VII: "The Pits").
             The game lasted 00:19:37 (4735 turns).

Groucho the Geomancer (Spriggan Earth Elementalist) Turns: 4735, Time: 00:19:38

Health: -3/55      AC:  6    Str:  9    XL:     11   Next: 38%
Magic:  27/29      EV: 18    Int: 22    God:    Sif Muna [*****.]
Gold:   42         SH:  0    Dex: 16    Spells: 0/36 levels left

rFire   . . .        w - staff of Strategic Superiority {+Blink rC+ Stlth- Conj}
rCold   + . .        (shield currently unavailable)
rNeg    . . .        r - +0 acid dragon scales
rPois   .            (helmet restricted)
rElec   .            (no cloak)
rCorr   +            (gloves unavailable)
SInv    +            (boots unavailable)
Will    +....        (no amulet)
Stlth   ++           m - +3 ring of strength
HPRegen 0.29/turn    n - +3 ring of intelligence
MPRegen 0.21/turn

%: no teleportation
@: very slightly contaminated, very quick
A: very small, no large weapons, unfitting armour, see invisible, speed 3
a: Renounce Religion, Evoke Blink, Channel Magic, Forget Spell, Divine Exegesis


You were in the Dungeon.
You worshipped Sif Muna.
Sif Muna was extremely pleased with you.
You visited 1 branch You collected 42 gold pieces.

Inventory:

Hand Weapons
 h - a +2 dagger
 p - a +2 rapier of electrocution
Armour
 a - a +0 robe
 q - a +0 troll leather armour
 r - +0 acid dragon scales (worn)
Magical Staves
 w - the staff of Strategic Superiority (weapon) {+Blink rC+ Stlth- Conj}
   (You found it in the Dungeon)

   [staff of conjuration]

   Base accuracy: +5 Base damage: 5 Base attack delay: 1.2 This weapon's minimum
   attack delay (0.6) is reached at skill level 12.
   rC+:       It protects you from cold.
   +Blink:    It lets you blink.
   Stlth-:    It makes you less stealthy.
   Conj:      It increases the power of your Conjurations spells.
   It falls into the 'Staves' category.
   It is a two-handed weapon.
Jewellery
 m - a +3 ring of strength (left hand)
 n - a +3 ring of intelligence (right hand)
 x - a ring of poison resistance
Scrolls
 g - 2 scrolls of blinking
 j - 2 scrolls of vulnerability
 k - 5 scrolls of amnesia
 l - a scroll of butterflies
 s - 4 scrolls of enchant armour
 t - 3 scrolls of fear
 u - 2 scrolls of fog
 v - 2 scrolls of identify
Potions
 b - 5 potions of magic
 c - 11 potions of curing
 d - 10 potions of heal wounds
 e - a potion of haste
 f - 8 potions of berserk rage
 i - 2 potions of invisibility
 o - 2 potions of might
 z - a potion of brilliance


   Skills:
 - Level 5.0 Fighting
 - Level 5.0 Short Blades
 - Level 5.0 Dodging
 - Level 7.0 Stealth
 + Level 13.2 Spellcasting
 * Level 11.7 Conjurations
 * Level 1.0 Necromancy
 * Level 14.0 Earth Magic
 + Level 10.5 Alchemy
 + Level 9.4 Invocations


You couldn't memorise any spells.
You knew the following spells:

 Your Spells              Type           Power      Damage    Failure   Level
a - Borgnjor's Vile Clut  Necr/Erth      23%        N/A       9%          5
b - Stone Arrow           Conj/Erth      100%       3d13      1%          3
c - Petrify               Alch/Erth      62%        N/A       1%          4
d - Mephitic Cloud        Conj/Alch/Air  63%        N/A       1%          3
e - Irradiate             Conj/Alch      38%        3d24      1%          5
f - Bombard               Conj/Erth      41%        9d7       5%          6
g - Eringya's Noxious Bo  Alch           28%        4d6       14%         6
h - Olgreb's Toxic Radia  Alch           57%        N/A       1%          4

Your spell library contained the following spells:

 Spells                   Type           Power      Damage    Failure   Level
 Kiss of Death            Conj/Necr      100%       2d13      1%          1
 Sandblast                Erth           100%       2d20      1%          1
 Sting                    Conj/Alch      100%       1d9       1%          1
 Mercury Vapours          Alch/Air       74%        N/A       1%          2
 Static Discharge         Conj/Air       100%       3-8/arc   1%          2
 Passwall                 Erth           66%        N/A       1%          3
 Brom's Barrelling Bould  Conj/Erth      82%        2d9       1%          4
 Leda's Liquefaction      Alch/Erth      31%        N/A       1%          4
 Iskenderun's Battlesphe  Conj           79%        2d13      1%          5
 Lee's Rapid Deconstruct  Erth           33%        3d17*     1%          5
 Alistair's Intoxication  Alch           38%        N/A       2%          5
 Necrotise                Necr           72%        1d7       4%          1
 Animate Armour           Summ/Erth      90%        N/A       4%          4
 Flame Wave               Conj/Fire      57%        2d14      6%          4
 Inner Flame              Hex/Fire       14%        N/A       22%         3
 Tukima's Dance           Hex            14%        N/A       22%         3
 Yara's Violent Unravell  Hex/Alch       18%        3d9       24%         5
 Orb of Destruction       Conj           39%        9d11      43%         7
 Cause Fear               Hex            7%         N/A       58%         4
 Dimensional Bullseye     Hex/Tloc       7%         N/A       58%         4
 Sculpt Simulacrum        Ice/Alch       18%        N/A       78%         6
 Silence                  Hex/Air        7%         N/A       90%         5
 Lehudib's Crystal Spear  Conj/Erth      41%        10d10     94%         8
 Spellforged Servitor     Conj/Summ      28%        N/A       99%         7
 Chain Lightning          Conj/Air       28%        3d38      100%        9


Dungeon Overview and Level Annotations

Branches:
Dungeon (1/1)

Altars:
Ashenzari
Cheibriados
Dithmenos
Elyvilon
Fedhas
Gozag
Hepliaklqana
Kikubaaqudgha
Makhleb
Nemelex Xobeh
Okawaru
Qazlal
Ru
Sif Muna
Trog
Uskayaw
Vehumet
Wu Jian
Xom
Yredelemnul
Zin
The Shining One
Jiyva
Lugonu


Innate Abilities, Weirdness & Mutations

You are very small and have problems with some larger weapons.
You are too small for most types of armour.
You have supernaturally acute eyesight. (SInv)
You cover ground extremely quickly. (Speed+++)


Message History

Unknown command.
Casting: Borgnjor's Vile Clutch (quite dangerous; 9% risk of failure)
Confirm with . or Enter, or press ? or * to list all spells.
Okay, then.
Casting: Borgnjor's Vile Clutch (quite dangerous; 9% risk of failure)
Confirm with . or Enter, or press ? or * to list all spells.
Aiming: Borgnjor's Vile Clutch (quite dangerous; 9% risk of failure)
Press: ? - help, Shift-Dir - straight line, f - boulder beetle
Aim: a boulder beetle (100% to hit)
You miscast Borgnjor's Vile Clutch.
You are very lightly contaminated with residual magic.
Sand pours from your hands.
The boulder beetle leaps!
Unknown command.
Unknown command.
The boulder beetle curls into a ball and begins rolling!
Casting: Borgnjor's Vile Clutch (quite dangerous; 9% risk of failure)
Confirm with . or Enter, or press ? or * to list all spells.
Okay, then.
Casting: Borgnjor's Vile Clutch (quite dangerous; 9% risk of failure)
Confirm with . or Enter, or press ? or * to list all spells.
Aiming: Borgnjor's Vile Clutch (quite dangerous; 9% risk of failure)
Press: ? - help, Shift-Dir - straight line, p - boulder beetle You miscast Borgnjor's Vile Clutch.
The floor shifts beneath you alarmingly.
Unknown command.
Unknown command.
Unknown command.
Unknown command.
There is a huge open gate here.
The boulder beetle attacks as it pursues you!
The boulder beetle hits you!!!
Ouch! That really hurt!
The boulder beetle stops rolling and uncurls.
There is a huge open gate leading to the Armoury (Hard), spattered with blood here.
Unknown command.
Unknown command.
You feel less invigorated.
The boulder beetle attacks as it pursues you!
The boulder beetle bites you!!
You die...

##########++##########
#................##..#
#......#..#......##..#
#................''..# .
'...............@B'°°##########..
#......#..#......##..°...........
#.......)........##..............
####'#####''#####################
#.......##''# ######## ##### ##
#.......##..# #......###...# ##.
#.......##..# #..#'#.........##..
#...<...##).##..##.##.....#...#..
#.......##..##.##...##...###..#.#


You could see a boulder beetle.

Vanquished Creatures
  An anaconda (D)
  A flayed ghost (D)
  A deep troll (D)
  A deep elf zephyrmancer (D)
  An orc knight (D)
  An orc sorcerer (D)
  A salamander (D)
  A naga mage (D)
  2 black mambas (D)
  2 unseen horrors (D)
  2 rime drakes (D)
  A komodo dragon (D)
  An ice devil (D)
  A red devil (D)
  A merfolk (D)
  A hellwing (D)
  A polar bear (D)
  A hornet (D)
  2 glass eyes (D)
  7 blink frogs (D)
  A wyvern (D)
  A spriggan (D)
  2 fire bats (D)
  A chaos spawn (D)
  A redback (D)
  An acid dragon (D)
  A naga (D)
  2 sky beasts (D)
  An ice beast (D)
  A black bear (D)
  A centaur (D)
  A kobold brigand (D)
  A scorpion (D)
  8 killer bees (D)
  A quasit (D)
  A river rat (D)
  An ufetubus (D)
  A ribbon worm (D)
  4 orcs (D)
  A bat (D)
  A giant cockroach (D)
  A goblin (D)
  3 hobgoblins (D)
  3 jackals (D)
  A quokka (D)
  2 ball pythons (D)
  2 ball python skeletons (D)
75 creatures vanquished.

Vanquished Creatures (others)
  A sky beast (D)
1 creature vanquished.

Grand Total: 76 creatures vanquished

Notes
Turn   | Place    | Note
-------+----------+-------------------------------------------
     0 | D        | Groucho the Spriggan Earth Elementalist began the quest for
                  | the Orb.
     0 | D        | Reached XP level 1. HP: 9/9 MP: 5/5
    11 | D        | Reached skill level 1 in Conjurations
    11 | D        | Reached skill level 3 in Earth Magic
    39 | D        | Found a glowing golden altar of the Shining One.
    39 | D        | Found a glowing silver altar of Zin.
    39 | D        | Found a basalt altar of Yredelemnul.
    39 | D        | Found a shimmering altar of Xom.
    39 | D        | Found an ornate altar of the Wu Jian Council.
    39 | D        | Found a bloodstained altar of Trog.
    39 | D        | Found a shimmering blue altar of Sif Muna.
    39 | D        | Found a sacrificial altar of Ru.
    39 | D        | Found a stormy altar of Qazlal.
    39 | D        | Found an iron altar of Okawaru.
    39 | D        | Found a sparkling altar of Nemelex Xobeh.
    39 | D        | Found a burning altar of Makhleb.
    39 | D        | Found a viscous altar of Jiyva.
    39 | D        | Found a hazy altar of Hepliaklqana.
    39 | D        | Found an opulent altar of Gozag.
    39 | D        | Found a blossoming altar of Fedhas.
    39 | D        | Found a white marble altar of Elyvilon.
    39 | D        | Found a shadowy altar of Dithmenos.
    39 | D        | Found a snail-covered altar of Cheibriados.
    40 | D        | Found a radiant altar of Vehumet.
    40 | D        | Found a corrupted altar of Lugonu.
    41 | D        | Found an ancient bone altar of Kikubaaqudgha.
    41 | D        | Found a hide-covered altar of Uskayaw.
    41 | D        | Found a broken altar of Ashenzari.
    42 | D        | Became a worshipper of Sif Muna the Loreminder
    56 | D        | Noticed a glass eye
    99 | D        | Killed a glass eye
   100 | D        | Reached skill level 5 in Conjurations
   100 | D        | Reached skill level 7 in Earth Magic
   100 | D        | Reached XP level 2. HP: 13/13 MP: 5/10
   100 | D        | Reached XP level 3. HP: 16/16 MP: 6/12
   100 | D        | Reached XP level 4. HP: 21/21 MP: 6/13
   100 | D        | Reached XP level 5. HP: 24/24 MP: 6/15
   340 | D        | Learned a level 3 spell: Stone Arrow
   347 | D        | Reached * piety under Sif Muna
   368 | D        | Reached skill level 1 in Fighting
   368 | D        | Reached skill level 1 in Short Blades
   368 | D        | Reached skill level 1 in Alchemy
   368 | D        | Reached skill level 1 in Invocations
   369 | D        | Reached ** piety under Sif Muna
   694 | D        | Noticed a fire bat
   694 | D        | Noticed an ice beast
   702 | D        | Reached XP level 6. HP: 30/30 MP: 5/17
   707 | D        | Killed a fire bat
   707 | D        | Reached *** piety under Sif Muna
   708 | D        | Reached skill level 5 in Stealth
   708 | D        | Reached skill level 8 in Earth Magic
   720 | D        | Killed an ice beast
   721 | D        | Reached XP level 7. HP: 28/35 MP: 4/19
   772 | D        | Reached skill level 5 in Dodging
  1033 | D        | Noticed a glass eye
  1044 | D        | Killed a glass eye
  1281 | D        | Noticed an orc knight
  1312 | D        | Learned a level 4 spell: Petrify
  1493 | D        | Killed an orc knight
  1493 | D        | Reached **** piety under Sif Muna
  1494 | D        | Reached skill level 9 in Earth Magic
  1494 | D        | Reached XP level 8. HP: 40/40 MP: 17/21
  1725 | D        | Reached skill level 5 in Short Blades
  2105 | D        | Noticed a blink frog
  2106 | D        | Noticed a blink frog
  2106 | D        | Noticed a blink frog
  2111 | D        | Killed a blink frog
  2112 | D        | Reached skill level 5 in Alchemy
  2114 | D        | Killed a blink frog
  2114 | D        | Reached ***** piety under Sif Muna
  2125 | D        | Killed a blink frog
  2125 | D        | Received a gift from Sif Muna
  2126 | D        | Reached skill level 10 in Earth Magic
  2126 | D        | Reached skill level 5 in Invocations
  2126 | D        | Got Sif Muna's Precepts of Scintillating Hexes {god gift}
  2131 | D        | Learned a level 3 spell: Mephitic Cloud
  2225 | D        | Reached XP level 9. HP: 46/46 MP: 16/23
  2611 | D        | Noticed a flayed ghost
  2615 | D        | Noticed a deep troll
  2634 | D        | Killed a flayed ghost
  2635 | D        | Reached skill level 5 in Fighting
  2635 | D        | Reached skill level 10 in Spellcasting
  3053 | D        | Killed a deep troll
  3054 | D        | Reached skill level 11 in Earth Magic
  3092 | D        | Received a gift from Sif Muna
  3093 | D        | Got Bedadir's Parchment of Limned Alteration {god gift}
  3349 | D        | Noticed a merfolk
  3351 | D        | Noticed a black mamba
  3352 | D        | Noticed a deep elf zephyrmancer
  3353 | D        | Killed a black mamba
  3354 | D        | Reached XP level 10. HP: 51/51 MP: 10/25
  3377 | D        | Killed a deep elf zephyrmancer
  3378 | D        | Reached skill level 12 in Earth Magic
  3391 | D        | Reached skill level 10 in Conjurations
  3431 | D        | Noticed a black mamba
  3433 | D        | Noticed a salamander
  3443 | D        | Killed a black mamba
  3444 | D        | Received a gift from Sif Muna
  3445 | D        | Noticed a naga mage
  3472 | D        | Killed a naga mage
  3485 | D        | Killed a salamander
  3486 | D        | Reached skill level 13 in Earth Magic
  3590 | D        | Got Sif Muna's Compendium of Feculent Malediction {god
                  | gift}
  3599 | D        | Received a gift from Sif Muna
  3600 | D        | Reached XP level 11. HP: 55/55 MP: 4/28
  3600 | D        | Got Sif Muna's Essays on the Combative Fair Folk {god gift}
  3607 | D        | Learned a level 5 spell: Irradiate
  3614 | D        | Learned a level 6 spell: Bombard
  3621 | D        | Learned a level 6 spell: Eringya's Noxious Bog
  4052 | D        | Noticed an orc sorcerer
  4069 | D        | Noticed an anaconda
  4083 | D        | Killed an anaconda
  4084 | D        | Reached skill level 10 in Alchemy
  4086 | D        | Reached ****** piety under Sif Muna
  4088 | D        | Received a gift from Sif Muna
  4098 | D        | Got Sif Muna's Codex of Reason {god gift}
  4104 | D        | Learned a level 4 spell: Olgreb's Toxic Radiance
  4161 | D        | Killed an orc sorcerer
  4165 | D        | Reached skill level 14 in Earth Magic
  4178 | D        | Received a gift from Sif Muna
  4179 | D        | Got Sif Muna's Verses on the Caves and Obstruction {god
                  | gift}
  4559 | D        | Got the staff of Strategic Superiority {+Blink rC+ Stlth-
                  | Conj}
  4616 | D        | Learned a level 5 spell: Borgnjor's Vile Clutch
  4693 | D        | Noticed a boulder beetle
  4703 | D        | Reached skill level 1 in Necromancy
  4735 | D        | Slain by a boulder beetle

Illustrated notes

Levels and vault maps discovered:
D:        pitsprint [storerooms_1, entrance_room_1, metal_vault_3, armoury_2,
          mini_pit_1, grid_room_1, main_hall_1, silver_pit, the_coven_2,
          the_vestibule_1, steel_vault_1, golden_pit, hallway_of_sentries,
          crystal_vault_1, iron_vault_3, final_vault]

Skill      XL: |  1  2  3  4  5  6  7  8  9 10 11 |
---------------+----------------------------------+-----
Conjurations   | 5 6 7 8 9 11 | 11.7
Earth Magic    | 7 8 9 10 11 13 14 | 14.0
Spellcasting   | 6 7 8 9 10 12 13 | 13.2
Fighting       | 1 2 3 4 5 |  5.0
Short Blades   | 2 3 4 5 |  5.0
Dodging        | 3 4 5 |  5.0
Alchemy        | 2 3 4 5 7 9 10 | 10.5
Invocations    | 1 2 4 5 6 8 9 |  9.4
Stealth        | 4 5 7 |  7.0
Necromancy     | 1 |  1.0

Action                     |  1- 3 |  4- 6 |  7- 9 | 10-12 || total
---------------------------+-------+-------+-------+-------++-------
  Melee: Dagger            |    39 |     3 |     7 |    56 ||   105
         Punch             |     1 |       |       |       ||     1
         Staff             |       |       |       |     4 ||     4
   Cast: Sandblast         |     1 |       |       |       ||     1
         Stone Arrow       |       |    14 |    55 |    67 ||   136
         Petrify           |       |       |     2 |     4 ||     6
         Mephitic Cloud    |       |       |     3 |    10 ||    13
         Borgnjor's Vile C |       |       |       |     1 ||     1
 Invoke: Channel Magic     |       |     1 |     3 |     5 ||     9
         Forget Spell      |       |       |       |     1 ||     1
    Use: Potion            |       |       |     2 |     2 ||     4
   Stab: Sleeping          |     1 |     2 |       |       ||     3
         Petrified         |       |       |     4 |     8 ||    12
         Confused          |       |       |     2 |     8 ||    10
 Armour: Robe              |       |     1 |     5 |       ||     6
         Troll leather arm |       |       |       |    13 ||    13
         Acid dragon scale |       |       |       |    20 ||    20
  Dodge: Dodged            |       |     7 |    13 |    59 ||    79
